 Dungeon Crawl Stone Soup version 0.31.0-32-g396128a36d (webtiles) character file.

Game seed: 4223596314785710323

7909 PaiMei the Scholar of Death (level 11, -5/87 HPs)
             Began as a Demonspawn Necromancer on Apr 25, 2024.
             Was a Follower of Kikubaaqudgha.
             Killed by divine providence
             ... invoked by an orc priest
              (15 damage)
             ... on level 9 of the Dungeon.
             The game lasted 00:23:17 (15880 turns).

PaiMei the Scholar of Death (DsNe)                 Turns: 15880, Time: 00:23:18

Health: -5/87      AC:  5    Str:  9    XL:     11   Next: 3%
Magic:  2/32       EV: 31    Int: 29    God:    Kikubaaqudgha [*.....]
Gold:   682        SH:  0    Dex: 17    Spells: 13/26 levels left

rFire   . . .        g - +7 spear "Grim Tooth" {flame, ^Contam Int+10 Dex+3}
rCold   . . .        (no shield)
rNeg    + + .        F - +0 robe {rN+}
rPois   .            p - +0 helmet
rElec   .            (no cloak)
rCorr   .            (gloves unavailable)
SInv    .            (no boots)
Will    .....        f - amulet of the acrobat
Stlth   ++           i - ring of positive energy
HPRegen 0.34/turn    q - ring of magical power
MPRegen 0.23/turn

%: acrobat
@: acrobatic
A: claws 3, thin metallic scales 1, demonic guardian 1, ignite blood 1
a: Renounce Religion, Unearth Wretches


You were on level 9 of the Dungeon.
You worshipped Kikubaaqudgha.
Kikubaaqudgha was aware of your devotion.
You visited 2 branches of the dungeon, and saw 11 of its levels.

You collected 682 gold pieces.

Inventory:

Hand Weapons
 g - the +7 spear "Grim Tooth" (weapon) {flame, ^Contam Int+10 Dex+3}
   (You found it on level 2 of the Dungeon)

   Int+10:    It affects your intelligence (+10).
   Dex+3:     It affects your dexterity (+3).
   ^Contam:   It causes magical contamination when unequipped.
 v - a +1 flail of venom
Missiles
 c - 16 poisoned darts (quivered)
 n - a throwing net
Armour
 a - a +0 robe
 p - a +0 helmet (worn)
 F - a +0 robe of positive energy (worn)
Jewellery
 f - an amulet of the acrobat (around neck)
 i - a ring of positive energy (left claw)
 q - a ring of magical power (right claw)
 u - an amulet of magic regeneration
 G - a ring of fire
Wands
 s - a wand of charming (16)
 y - a wand of polymorph (22)
 z - a wand of mindburst (18)
 A - a wand of acid (9)
Scrolls
 d - a scroll of poison {unknown}
 h - a scroll of enchant armour {unknown}
 k - 2 scrolls of fog {unknown}
 m - 5 scrolls of identify {unknown}
 o - 2 scrolls of silence {unknown}
 r - a scroll of vulnerability {unknown}
 w - 2 scrolls of fear {unknown}
 C - a scroll of amnesia {unknown}
 H - a scroll of blinking {unknown}
Potions
 b - a potion of magic
 e - 7 potions of curing
 j - 2 potions of degeneration {unknown}
 l - 2 potions of attraction {unknown}
 t - a potion of mutation {unknown}
 x - 2 potions of heal wounds {unknown}
 B - 2 potions of cancellation {unknown}
 D - a potion of brilliance {unknown}
 E - a potion of lignification {unknown}
 I - a potion of might {unknown}


   Skills:
 + Level 8.4 Fighting
 + Level 8.0 Dodging
 - Level 2.0 Stealth
 + Level 8.1 Spellcasting
 + Level 10.3 Necromancy


You had 13 spell levels left.
You knew the following spells:

 Your Spells              Type           Power      Damage    Failure   Level
a - Necrotise             Necr           100%       1d9       1%          1
b - Vampiric Draining     Necr           64%        2d10      1%          3
c - Animate Dead          Necr           64%        N/A       1%          4
d - Curse of Agony        Necr           64%        N/A       1%          5

Your spell library contained the following spells:

 Spells                   Type           Power      Damage    Failure   Level
 Cigotuvi's Dreadful Rot  Necr/Alch/Air  62%        N/A       1%          2
 Sublimation of Blood     Necr           64%        N/A       1%          2
 Fugue of the Fallen      Necr           64%        N/A       1%          3
 Foxfire                  Conj/Fire      44%        2x1d6     4%          1
 Freeze                   Ice            44%        1d6       4%          1
 Anguish                  Hex/Necr       20%        N/A       5%          4
 Ensorcelled Hibernation  Hex/Ice        22%        N/A       7%          2
 Frozen Ramparts          Ice            22%        1d4       14%         3
 Hailstorm                Conj/Ice       11%        3d6       14%         3
 Summon Ice Beast         Ice/Summ       11%        N/A       14%         3
 Petrify                  Alch/Erth      11%        N/A       41%         4
 Summon Blazeheart Golem  Fire/Summ      11%        N/A       41%         4
 Irradiate                Conj/Alch      5%         3d13      77%         5
 Haunt                    Necr/Summ      20%        N/A       99%         7
 Infestation              Necr           32%        N/A       99%         8
 Plasma Beam              Fire/Air       5%         2x1d16    100%        6
 Sculpt Simulacrum        Ice/Alch       5%         N/A       100%        6
 Starburst                Conj/Fire      5%         6d4       100%        6
 Orb of Destruction       Conj           5%         9d5       100%        7
 Spellforged Servitor     Conj/Summ      5%         N/A       100%        7


Dungeon Overview and Level Annotations

Branches:
Dungeon (10/15)            Temple (1/1) D:6             Orc (0/2) D:10
   Lair: D:8-11

Altars:
Ashenzari
Cheibriados
Dithmenos
Fedhas
Gozag
Hepliaklqana
Kikubaaqudgha
Makhleb
Nemelex Xobeh
Okawaru
Qazlal
Ru
Sif Muna
Trog
Uskayaw
Vehumet
Wu Jian
Xom
Yredelemnul

Shops:
D:7 *   D:10 (


Innate Abilities, Weirdness & Mutations

You have claws for hands.
You are partially covered in thin metallic scales. (AC +2)
A weak demonic guardian rushes to your aid.
Your demonic aura sometimes causes spilled blood to erupt in flames.


Message History

Something hits you. The hornet closely misses you. The hornet stings you!
* * * LOW HITPOINT WARNING * * *
You are poisoned.
You feel yourself slow down.
Casting: Vampiric Draining (safe; 1% risk of failure)
Confirm with . or Enter, or press ? or * to list all spells.
Aiming: Vampiric Draining (safe; 1% risk of failure)
Press: ? - help, Shift-Dir - straight line, f/p - hornet
Aim: a hornet (flame, severely wounded)
You draw life force from the hornet.
You feel life coursing into your body.
You feel very sick. Something hits you!
* * * LOW HITPOINT WARNING * * *
A demonic guardian appears!
The orc priest looks encouraged for a moment.
The hornet is engulfed in blazing flames.
The hornet barely misses you.
The hornet is engulfed in blazing flames.
You kill the hornet!
Kikubaaqudgha accepts your kill. Something hits you but does no damage.
It was a potion of curing.
You feel better.
You feel yourself speed up. Something hits you.
* * * LOW HITPOINT WARNING * * *
Casting: Vampiric Draining (safe; 1% risk of failure)
Confirm with . or Enter, or press ? or * to list all spells.
Aiming: Necrotise (safe; 1% risk of failure)
Press: ? - help, Shift-Dir - straight line, f - howler monkey
Aim: a howler monkey (chance to affect: 88%)
The howler monkey barely resists.
Something hits you.
* * * LOW HITPOINT WARNING * * *
The orc priest invokes the aid of Beogh against you.
Beogh smites you!
* * * LOW HITPOINT WARNING * * *
You swap places.
The orc priest mumbles some strange prayers to Beogh against you.
Beogh smites you!
You die...
Kikubaaqudgha rasps: "You have failed me!
Welcome... death!"

#.#................#......#
#.#................#......#
..#..........##############
..'..........#.........+
..#..........#.........#
..#..........# .......
###..........# .o{.
.################h#
.#.....##>...#..@5#
.#.....##....#.⌠..#
.#.....##....#..⌠.#
.#.....'#....'....#
##.....############
.#.....# .#.....# ##.....#
.......#


You could see a howler monkey (ally target), an orc priest and a friendly shadow
imp (summoned).

Vanquished Creatures
  2 centaur warriors (D:9)
  Lodul (D:9)
  Pikel (D:5)
  2 trolls
  A hornet (D:9)
  2 wyverns
  Eustachio (D:5)
  A steam dragon (D:6)
  A warg (D:10)
  Edmund (D:5)
  A water moccasin (D:9)
  A black bear (D:5)
  2 orc warriors
  10 ogres
  3 centaurs
  2 bullfrogs
  A scorpion (D:6)
  14 wights
  11 killer bees
  3 jellies
  2 howler monkeys (D:9)
  3 hounds
  9 orc priests
  A sleepcap (D:4)
  2 iguanas
  9 orc wizards
  Robin (D:4)
  10 adders
  10 gnolls
  5 white imps
  4 ribbon worms
  3 dart slugs
  26 orcs
  9 bats
  5 endoplasms
  A giant cockroach (D:3)
  17 goblins
  12 hobgoblins
  3 quokkas
  4 ball pythons
  A frilled lizard (D:2)
  7 kobolds
  7 rats
212 creatures vanquished.

Vanquished Creatures (collateral kills)
  A kobold demonologist (D:9)
  An orc (D:10)
  A bat (D:8)
  2 kobolds
  2 rats
7 creatures vanquished.

Grand Total: 219 creatures vanquished

Notes
Turn   | Place    | Note
-------+----------+-------------------------------------------
     0 | D:1      | PaiMei the Demonspawn Necromancer began the quest for the
                  | Orb.
     0 | D:1      | Reached XP level 1. HP: 13/13 MP: 3/3
   301 | D:1      | Gained mutation: You have sharp fingernails. [demonic
                  | ancestry]
   301 | D:1      | Reached XP level 2. HP: 19/19 MP: 0/5
  1464 | D:1      | Gained mutation: You are partially covered in thin metallic
                  | scales. (AC +2) [demonic ancestry]
  1464 | D:1      | Reached XP level 3. HP: 22/25 MP: 0/6
  1468 | D:1      | Learned a level 3 spell: Vampiric Draining
  2002 | D:2      | Reached skill level 1 in Fighting
  2127 | D:2      | Found an opulent altar of Gozag.
  2358 | D:2      | Found a faded altar of an unknown god.
  2364 | D:2      | Identified the +7 spear "Grim Tooth" {flame, ^Contam Int+10
                  | Dex+3}
  2613 | D:2      | Gained mutation: Your demonic aura sometimes causes spilled
                  | blood to erupt in flames. [demonic ancestry]
  2613 | D:2      | Reached XP level 4. HP: 32/32 MP: 2/7
  2885 | D:3      | Learned a level 4 spell: Animate Dead
  2968 | D:3      | Reached skill level 5 in Necromancy
  3359 | D:3      | Noticed Robin
  3380 | D:4      | Reached XP level 5. HP: 34/38 MP: 1/9
  3967 | D:4      | Found a sacrificial altar of Ru.
  4131 | D:4      | Gained mutation: You have very sharp fingernails. [demonic
                  | ancestry]
  4131 | D:4      | Reached XP level 6. HP: 46/46 MP: 3/11
  4673 | D:4      | Found a shimmering altar of Xom.
  4731 | D:4      | Killed Robin
  4891 | D:3      | Found a burning altar of Makhleb.
  5091 | D:5      | Entered Level 5 of the Dungeon
  5330 | D:5      | Noticed Eustachio
  5342 | D:5      | Killed Eustachio
  5343 | D:5      | Reached skill level 6 in Necromancy
  5343 | D:5      | Reached XP level 7. HP: 50/52 MP: 7/13
  5428 | D:5      | Noticed Pikel
  5465 | D:5      | Killed Pikel
  5466 | D:5      | Gained mutation: A weak demonic guardian rushes to your
                  | aid. [demonic ancestry]
  5466 | D:5      | Reached XP level 8. HP: 19/61 MP: 13/15
  5757 | D:5      | Noticed Edmund
  5772 | D:5      | Killed Edmund
  5773 | D:5      | Reached skill level 5 in Spellcasting
  5773 | D:5      | Reached skill level 7 in Necromancy
  6126 | D:5      | Found a shimmering blue altar of Sif Muna.
  6340 | D:5      | Found an iron altar of Okawaru.
  6434 | D:5      | Found a blossoming altar of Fedhas.
  6621 | D:6      | Reached skill level 5 in Fighting
  6621 | D:6      | Reached skill level 5 in Dodging
  7023 | D:6      | Found a hazy altar of Hepliaklqana.
  7179 | D:6      | Reached XP level 9. HP: 68/68 MP: 14/17
  7368 | D:6      | Found a stormy altar of Qazlal.
  7546 | D:6      | Found a staircase to the Ecumenical Temple.
  7674 | D:7      | Reached skill level 8 in Necromancy
  8477 | D:7      | Found Zin's Purification Station.
  9157 | D:8      | Found a hide-covered altar of Uskayaw.
 10653 | D:8      | Found a radiant altar of Vehumet.
 10739 | D:8      | Found a broken altar of Ashenzari.
 11284 | D:9      | Noticed a kobold demonologist
 11306 | D:9      | Found a basalt altar of Yredelemnul.
 11372 | D:9      | Noticed a troll
 12178 | D:9      | Noticed a centaur warrior
 12187 | D:9      | Killed a centaur warrior
 12188 | D:9      | Reached skill level 9 in Necromancy
 12188 | D:9      | Gained mutation: You have claws for hands. [demonic
                  | ancestry]
 12188 | D:9      | Reached XP level 10. HP: 40/79 MP: 16/20
 12584 | D:9      | Found a shadowy altar of Dithmenos.
 13088 | D:9      | Learned a level 5 spell: Curse of Agony
 13205 | Temple   | Entered the Ecumenical Temple
 13219 | Temple   | Became a worshipper of Kikubaaqudgha
 13408 | D:7      | Found an opulent altar of Gozag.
 13620 | D:10     | Entered Level 10 of the Dungeon
 13643 | D:10     | Noticed Lodul
 14480 | D:9      | Killed Lodul
 14819 | D:10     | Reached skill level 10 in Necromancy
 15370 | D:10     | Found Lestroza's Antique Weapon Shoppe.
 15516 | D:10     | Found a staircase to the Orcish Mines.
 15526 | D:10     | Reached * piety under Kikubaaqudgha
 15526 | D:10     | Received a gift from Kikubaaqudgha
 15865 | D:9      | Noticed a centaur warrior
 15867 | D:9      | Paralysed by a hornet for 2 turns
 15874 | D:9      | Killed a centaur warrior
 15875 | D:9      | Reached XP level 11. HP: 42/87 MP: 11/23
 15880 | D:9      | Killed from afar by an orc priest

Illustrated notes

Levels and vault maps discovered:
D:1:      dpeg_arrival_tiny_j, layout_loops_ring, serial_park_tiny_2,
          minmay_heptomino_l4
D:2:      layout_basic, basic_ecumenical_altar, basic_altar,
          kennysheep_big_empty_room, minmay_stone_trees_medium,
          grunt_ministairs_9
D:3:      layout_rooms, amcnicky_altar_gilded, uniq_robin
D:4:      layout_rooms, mainiacjoe_overflow_swirl, grunt_ministairs_13,
          dreamdust_princess_bridge
D:5:      layout_basic, mainiacjoe_overflow_boulevard,
          okawaru_altar_gauntlet_db, mainiacjoe_overflow_alcove_4, uniq_edmund,
          uniq_pikel, uniq_eustachio
D:6:      layout_gridville, nicolae_overflow_hidden_temple,
          nicolae_hepliaklqana_hazy_memory, temple_green
D:7:      layout_loops_ring, marbit_many_paths, zin_purify,
          hangedman_decor_clover_reticule, kennysheep_potato
D:8:      layout_gridville, lemuel_doored_altar,
          mainiacjoe_overflow_cross_hatched, nicolae_vehumet_altar_sigil,
          roderic_batcave, item_on_display_a
D:9:      minmay_klotski, layout_stronghold, grunt_dithmenos_smoke_and_mirrors,
          lemuel_tele_altar, minmay_microvault
D:10:     layout_loops_ring, mainiacjoe_overflow_alcove_1, erik_orc_3,
          serial_shops, shop, nrook_mini_vaults, uniq_lodul
Temple:   nicolae_temple_ecumenical_triangle

Skill      XL: |  1  2  3  4  5  6  7  8  9 10 |
---------------+-------------------------------+-----
Stealth        | 2 |  2.0
Dodging        | 2 3 4 5 6 8 |  8.0
Fighting       | 1 2 3 4 5 7 8 |  8.4
Necromancy     | 5 6 7 9 10 | 10.3
Spellcasting   | 3 4 5 7 8 |  8.1

Action                     |  1- 3 |  4- 6 |  7- 9 | 10-12 || total
---------------------------+-------+-------+-------+-------++-------
  Melee: Dagger            |    32 |       |       |       ||    32
         Spear             |       |    24 |   126 |    36 ||   186
         Punch             |       |       |     4 |       ||     4
   Cast: Necrotise         |    82 |   120 |    89 |    28 ||   319
         Vampiric Draining |       |    13 |    74 |    73 ||   160
    Use: Potion            |       |       |       |     1 ||     1
   Stab: Sleeping          |       |       |     1 |       ||     1
 Armour: Robe              |    21 |    40 |   142 |    69 ||   272
  Dodge: Dodged            |    50 |    65 |   162 |    79 ||   356
